Sabres vs Wild (R3)

Created - 3 février 2021 at 10:21

Goals
1 2 3 T
Sabres 0 2 1 3
Wild 0 4 3 7
Shots
1 2 3 T
Sabres 9 9 9 27
Wild 9 13 10 32

1st period

No Goal

Penalties :
Pat Maroon (MIW) for Goalie Interference (Minor) at 7:27

2nd period

1. Wild , Jordan Greenway 4 (Nikita Kucherov 13, Elias Lindholm 15) at 3:36
2. Wild , Elias Lindholm 13 (Nikita Kucherov 14, Jordan Greenway 6) at 8:42
3. Wild , Frank Vatrano 5 (Chris Tierney 4, Jordan Greenway 7) at 15:01
4. Sabres , Viktor Arvidsson 11 (Ivan Provorov 14, Kevin Hayes 12) at 18:11
5. Wild , Nikita Kucherov 10 (Elias Lindholm 16) at 18:27
6. Sabres , Kailer Yamamoto 9 (Anze Kopitar 19) at 19:02 (PP)

Penalties :
Jordan Greenway (MIW) for Interference (Minor) at 0:27, Pat Maroon (MIW) for Cross-checking (Minor) at 9:36, Brayden McNabb (MIW) for Hooking (Minor) at 18:57

3rd period

7. Wild , Elias Lindholm 14 (Nikita Kucherov 15, Jordan Greenway 8) at 1:24
8. Wild , Nikita Kucherov 11 (Ryan Suter 11, Patrice Bergeron 14) at 9:41 (PP)
9. Sabres , Viktor Arvidsson 12 (Kevin Hayes 13, Zach Hyman 7) at 17:02
10. Wild , Adrian Kempe 5 (Brad Marchand 13, Jack Eichel 9) at 17:48

Penalties :
Alexander Edler (MIW) for Hooking (Minor) at 6:11, Jordan Greenway (MIW) for High sticking (Minor) at 6:54, Madison Bowey (BUF) for High sticking (Minor) at 9:28, Filip Hronek (BUF) for Hooking (Minor) at 11:09, Pat Maroon (MIW) for Hooking (Minor) at 19:48

Goalie Stats

Elvis Merzlikins (BUF), 6 saves from 8 shots - (0,750), 18:36 minutes
Martin Jones (BUF), 19 saves from 24 shots - (0,792), L, 1-1-0, 41:24 minutes
Anton Khudobin (MIW), 24 saves from 27 shots - (0,889), W, 8-11-4, 60:00 minutes

Players Stats for Sabres

Player Name              G  A  P  +/- PIM S  H  SB GA TA FO     MP     PP MP  PK MP  
------------------------------------------------------------------------------------
Andre Burakovsky         0  0  0  -3  0   3  1  0  3  1  0/0    21:11   4:49   0:49 
Anze Kopitar             0  1  1  -3  0   1  1  1  0  0  20/32  19:58   4:53   0:00 
Clayton Keller           0  0  0  -3  0   0  1  2  0  0  0/0    13:10   0:00   0:05 
Filip Hronek             0  0  0  -2  2   3  0  0  0  1  0/0    25:16   5:17   0:00 
Ivan Provorov            0  1  1  -2  0   1  2  2  0  0  0/0    23:37   3:38   1:03 
Joonas Donskoi           0  0  0   0  0   1  0  0  2  0  0/0     9:32   0:07   0:00 
Kailer Yamamoto          1  0  1  -3  0   3  2  0  0  0  0/0    18:05   4:54   0:00 
Kevin Hayes              0  2  2   2  0   3  2  0  2  0  6/9    11:38   0:00   0:28 
Madison Bowey            0  0  0  -2  2   0  2  3  0  0  0/0    16:10   3:38   0:00 
Marco Scandella          0  0  0  -2  0   0  1  0  0  0  0/0    14:01   0:00   1:09 
Nicklas Backstrom        0  0  0  -3  0   0  1  0  0  0  5/10   17:11   3:58   0:00 
Rasmus Dahlin            0  0  0   0  0   1  3  0  0  0  0/0    23:00   5:17   0:38 
Rickard Rakell           0  0  0  -3  0   4  2  0  0  0  1/1    19:09   3:58   0:00 
Ryan Carpenter           0  0  0   0  0   0  4  1  0  0  1/5    10:35   0:00   1:14 
Ryan Murray              0  0  0   0  0   0  1  2  0  1  0/0    17:54   0:00   1:34 
Tyler Ennis              0  0  0   0  0   1  0  0  0  0  0/0    10:10   0:08   0:35 
Viktor Arvidsson         2  0  2   2  0   5  1  0  0  0  1/1    11:10   0:00   0:00 
Zach Hyman               0  1  1   2  0   1  1  0  0  0  0/2    15:59   3:58   1:13 

Players Stats for Wild

Player Name              G  A  P  +/- PIM S  H  SB GA TA FO     MP     PP MP  PK MP  
------------------------------------------------------------------------------------
Adrian Kempe             1  0  1   1  0   1  1  0  0  1  0/0    13:04   0:00   0:00 
Alexander Edler          0  0  0   1  2   2  3  0  0  1  0/0    21:24   0:56   4:47 
Brad Marchand            0  1  1   1  0   4  2  0  1  0  1/2    16:36   1:04   2:12 
Brandon Carlo            0  0  0   0  0   0  3  0  0  0  0/0    16:58   0:00   0:21 
Brayden McNabb           0  0  0   3  2   1  2  1  0  0  0/0    20:12   0:00   3:07 
Chris Tierney            0  1  1   1  0   1  0  0  1  0  4/10   14:13   0:00   4:57 
Devon Toews              0  0  0   1  0   2  0  1  0  0  0/0    17:48   0:56   1:19 
Elias Lindholm           2  2  4   4  0   4  2  0  0  0  3/12   17:52   1:04   3:09 
Frank Vatrano            1  0  1   1  0   2  0  0  0  0  1/1     9:26   0:00   0:00 
Jack Eichel              0  1  1   1  0   2  0  0  0  0  9/19   14:49   1:04   0:18 
Jesper Fast              0  0  0  -2  0   1  1  0  1  2  0/2    17:23   0:00   4:46 
Jordan Greenway          1  3  4   4  4   2  4  1  0  1  0/1    14:25   0:00   1:07 
Mattias Ekholm           0  0  0   0  0   0  2  1  0  1  0/0    19:47   1:16   2:33 
Nikita Kucherov          2  3  5   4  0   4  3  0  0  0  0/0    14:24   1:08   0:00 
Pat Maroon               0  0  0   1  6   0  1  1  0  0  0/0     9:30   0:00   0:00 
Patrice Bergeron         0  1  1  -2  0   1  0  0  0  1  8/13   13:59   1:08   0:00 
Ryan Suter               0  1  1   3  0   0  1  0  0  0  0/0    23:53   1:16   5:47 
T.J. Oshie               0  0  0  -2  0   5  2  0  0  0  0/0    13:59   1:08   0:00 

3 Stars

1 - Nikita Kucherov (MIW)
2 - Elias Lindholm (MIW)
3 - Jordan Greenway (MIW)

Power Play

Sabres - 1 on 7 Attempt(s) - 14,29%
Wild - 1 on 2 Attempt(s) - 50,00%

Penalty Kill

Sabres - 1 on 2 Attempt(s) - 50,00% - Score 0 goal in Penalty Kill
Wild - 6 on 7 Attempt(s) - 85,71% - Score 0 goal in Penalty Kill

Team Stat

Sabres - Hits : 25 - Faceoff Wins : 34 - Blocked Shots : 11 - Penalty Minutes : 4
Wild - Hits : 27 - Faceoff Wins : 26 - Blocked Shots : 5 - Penalty Minutes : 14

Official

Referees : Wes McCauley and Robert Hennessey
Linesman : Jaime Alary and Pierre Racicot

Game Notes

Elvis Merzlikins enters game at 1:24 of 3rd period

Finance

Level 1 -- Attendance: 5048 (84,13%) -- Ticket Income 504 800 $
Level 2 -- Attendance: 4968 (99,36%) -- Ticket Income 298 080 $
Level 3 -- Attendance: 1947 (97,35%) -- Ticket Income 68 145 $
Level 4 -- Attendance: 3930 (98,25%) -- Ticket Income 78 600 $
Luxury Box -- Attendance: 760 (76,00%) -- Ticket Income 152 000 $
Game was played at the Xcel Enery Center.
Total Attendance: 16653 (92,52%)
Total Ticket Income: 1 101 625 $
Other Income: 539 796 $
Total Income: 1 641 421 $

Sabres

5 vs 5 Forward 
   Center                   Left Wing                Right Wing               Time % Phy DF OF 
 1 Anze Kopitar             Andre Burakovsky         Rickard Rakell           30     0   2  3  
 2 Nicklas Backstrom        Clayton Keller           Kailer Yamamoto          27     0   2  3  
 3 Kevin Hayes              Viktor Arvidsson         Zach Hyman               23     0   2  3  
 4 Ryan Carpenter           Tyler Ennis              Joonas Donskoi           20     0   3  2  

5 vs 5 Defense 
   Defense                  Defense                                           Time % Phy DF OF 
 1 Ivan Provorov            Filip Hronek                                      38     0   3  2  
 2 Rasmus Dahlin            Ryan Murray                                       35     0   3  2  
 3 Madison Bowey            Marco Scandella                                   27     0   3  2  
 4 Ivan Provorov            Rasmus Dahlin                                     0      0   3  2  

PowerPlay Forward 
   Center                   Left Wing                Right Wing               Time % Phy DF OF 
 1 Anze Kopitar             Kailer Yamamoto          Andre Burakovsky         60     0   0  5  
 2 Nicklas Backstrom        Rickard Rakell           Zach Hyman               40     0   0  5  

PowerPlay Defense
   Defense                  Defense                                           Time % Phy DF OF 
 1 Rasmus Dahlin            Filip Hronek                                      59     0   1  4  
 2 Madison Bowey            Ivan Provorov                                     41     0   1  4  

Penalty Kill 4 Players Forward 
   Center                   Wing                     Time % Phy DF OF 
 1 Ryan Carpenter           Zach Hyman               65     0   4  1  
 2 Anze Kopitar             Kevin Hayes              35     1   4  0  

Penalty Kill 4 Players Defense
   Defense                  Defense                  Time % Phy DF OF 
 1 Ryan Murray              Marco Scandella          65     0   5  0  
 2 Ivan Provorov            Filip Hronek             35     0   5  0  

Penalty Kill - 3 Players Forward 
   Forward                                           Time % Phy DF OF 
 1 Ryan Carpenter                                    60     0   5  0  
 2 Kevin Hayes                                       40     0   5  0  

Penalty Kill - 3 Players Defense
   Defense                  Defense                  Time % Phy DF OF 
 1 Marco Scandella          Ryan Murray              60     0   5  0  
 2 Ivan Provorov            Filip Hronek             40     0   5  0  

4 vs 4 Forward 
   Center                   Wing                     Time % Phy DF OF 
 1 Kevin Hayes              Joonas Donskoi           50     1   1  3  
 2 Nicklas Backstrom        Clayton Keller           50     1   1  3  

4 vs 4 Defense
   Defense                  Defense                  Time % Phy DF OF 
 1 Madison Bowey            Filip Hronek             50     1   2  2  
 2 Marco Scandella          Ryan Murray              50     1   2  2  

Last Minutes Offensive
   Center                   Left Wing                Right Wing               Defense                  Defense                  
   Nicklas Backstrom        Clayton Keller           Viktor Arvidsson         Filip Hronek             Ivan Provorov            

Last Minutes Defensive
   Center                   Left Wing                Right Wing               Defense                  Defense                  
   Kevin Hayes              Zach Hyman               Ryan Carpenter           Filip Hronek             Ivan Provorov            

Goaltenders
Starting : Martin Jones             
Backup : Elvis Merzlikins         

Extra Forwards
Normal : Joonas Donskoi, Zach Hyman, Rickard Rakell - PP : Tyler Ennis, Joonas Donskoi - PK : Tyler Ennis
Extra Defensemen
Normal : Ryan Murray, Filip Hronek, Ivan Provorov - PP : Ryan Murray - PK : Filip Hronek, Ivan Provorov
Penalty Shots
Rickard Rakell, Rasmus Dahlin, Anze Kopitar, Joonas Donskoi, Nicklas Backstrom
Custom OT Lines Forwards
Kevin Hayes, Nicklas Backstrom, Viktor Arvidsson, Rickard Rakell, Clayton Keller, Zach Hyman, Anze Kopitar, Andre Burakovsky, Tyler Ennis, Ryan Carpenter
Custom OT Lines Defensemen
Ivan Provorov, Filip Hronek, Rasmus Dahlin, Ryan Murray, Madison Bowey

Scratches
James Reimer (Healthy)

Wild

5 vs 5 Forward 
   Center                   Left Wing                Right Wing               Time % Phy DF OF 
 1 Patrice Bergeron         T.J. Oshie               Jesper Fast              27     1   0  4  
 2 Elias Lindholm           Jordan Greenway          Nikita Kucherov          27     1   0  4  
 3 Jack Eichel              Adrian Kempe             Brad Marchand            27     1   0  4  
 4 Chris Tierney            Frank Vatrano            Pat Maroon               19     1   0  4  

5 vs 5 Defense 
   Defense                  Defense                                           Time % Phy DF OF 
 1 Ryan Suter               Brayden McNabb                                    35     0   2  3  
 2 Mattias Ekholm           Brandon Carlo                                     35     0   2  3  
 3 Alexander Edler          Devon Toews                                       30     0   2  3  
 4 Alexander Edler          Ryan Suter                                        0      1   2  2  

PowerPlay Forward 
   Center                   Left Wing                Right Wing               Time % Phy DF OF 
 1 Jack Eichel              Brad Marchand            Elias Lindholm           50     1   2  2  
 2 Patrice Bergeron         Nikita Kucherov          T.J. Oshie               50     1   2  2  

PowerPlay Defense
   Defense                  Defense                                           Time % Phy DF OF 
 1 Mattias Ekholm           Ryan Suter                                        60     1   2  2  
 2 Alexander Edler          Devon Toews                                       40     1   2  2  

Penalty Kill 4 Players Forward 
   Center                   Wing                     Time % Phy DF OF 
 1 Chris Tierney            Jesper Fast              60     0   4  1  
 2 Elias Lindholm           Jordan Greenway          40     0   5  0  

Penalty Kill 4 Players Defense
   Defense                  Defense                  Time % Phy DF OF 
 1 Alexander Edler          Ryan Suter               60     0   5  0  
 2 Mattias Ekholm           Brayden McNabb           40     0   5  0  

Penalty Kill - 3 Players Forward 
   Forward                                           Time % Phy DF OF 
 1 Chris Tierney                                     60     0   5  0  
 2 Jesper Fast                                       40     0   5  0  

Penalty Kill - 3 Players Defense
   Defense                  Defense                  Time % Phy DF OF 
 1 Brayden McNabb           Alexander Edler          60     0   5  0  
 2 Mattias Ekholm           Ryan Suter               40     0   5  0  

4 vs 4 Forward 
   Center                   Wing                     Time % Phy DF OF 
 1 Jack Eichel              Patrice Bergeron         60     1   2  2  
 2 Brad Marchand            Nikita Kucherov          40     1   2  2  

4 vs 4 Defense
   Defense                  Defense                  Time % Phy DF OF 
 1 Alexander Edler          Ryan Suter               60     1   2  2  
 2 Mattias Ekholm           Brayden McNabb           40     1   2  2  

Last Minutes Offensive
   Center                   Left Wing                Right Wing               Defense                  Defense                  
   Jack Eichel              Brad Marchand            Nikita Kucherov          Mattias Ekholm           Ryan Suter               

Last Minutes Defensive
   Center                   Left Wing                Right Wing               Defense                  Defense                  
   Chris Tierney            Elias Lindholm           Jesper Fast              Alexander Edler          Ryan Suter               

Goaltenders
Starting : Anton Khudobin           
Backup : Linus Ullmark            

Extra Forwards
Normal : Elias Lindholm, Chris Tierney, Jesper Fast - PP : Elias Lindholm, Chris Tierney - PK : Jesper Fast
Extra Defensemen
Normal : Brandon Carlo, Devon Toews, Mattias Ekholm - PP : Brandon Carlo - PK : Devon Toews, Mattias Ekholm
Penalty Shots
Elias Lindholm, Patrice Bergeron, Brad Marchand, Nikita Kucherov, Jack Eichel
Custom OT Lines Forwards
Jack Eichel, Patrice Bergeron, Brad Marchand, Nikita Kucherov, Elias Lindholm, T.J. Oshie, Chris Tierney, Adrian Kempe, Jesper Fast, Frank Vatrano
Custom OT Lines Defensemen
Alexander Edler, Ryan Suter, Mattias Ekholm, Brayden McNabb, Brandon Carlo

Scratches
Adam Fox (Healthy), Kevin Stenlund (Healthy), Martin Marincin (Healthy)

% Time on Ice - Sabres

Lines # - Real PCT - Wanted PCT - Time Play
Normal Forward
1 - 31% - 30% - 15:09
2 - 27% - 27% - 13:13
3 - 23% - 23% - 11:10
4 - 19% - 20% - 9:21
Normal Defense
1 - 38% - 38% - 18:25
2 - 36% - 35% - 17:46
3 - 26% - 27% - 12:42
4 - 0% - 0% - 0:00
PP Forward
1 - 56% - 60% - 4:57
2 - 44% - 40% - 3:58
PP Defense
1 - 59% - 59% - 5:17
2 - 41% - 41% - 3:38
PK Forward
1 - 100% - 65% - 2:12
2 - 0% - 35% - 0:00
PK Defense
1 - 52% - 65% - 1:09
2 - 48% - 35% - 1:03
PK3 Forward
1 - 0% - 60%
2 - 0% - 40%
PK3 Defense
1 - 0% - 60%
2 - 0% - 40%
44 Forward
1 - 0% - 50%
2 - 0% - 50%
44 Defense
1 - 0% - 50%
2 - 0% - 50%
Last Minute Offensive  - 0:00
Last Minute Defensive  - 0:00
Total
Forward - 60:00
Defense - 60:00

% Time on Ice - Wild

Lines # - Real PCT - Wanted PCT - Time Play
Normal Forward
1 - 27% - 27% - 13:07
2 - 27% - 27% - 13:16
3 - 27% - 27% - 13:04
4 - 19% - 19% - 9:26
Normal Defense
1 - 34% - 35% - 16:50
2 - 35% - 35% - 17:00
3 - 31% - 30% - 15:03
4 - 0% - 0% - 0:00
PP Forward
1 - 48% - 50% - 1:04
2 - 52% - 50% - 1:08
PP Defense
1 - 58% - 60% - 1:16
2 - 42% - 40% - 0:56
PK Forward
1 - 73% - 60% - 5:34
2 - 27% - 40% - 2:05
PK Defense
1 - 73% - 60% - 5:33
2 - 27% - 40% - 2:06
PK3 Forward
1 - 100% - 60% - 1:16
2 - 0% - 40% - 0:00
PK3 Defense
1 - 72% - 60% - 0:55
2 - 28% - 40% - 0:21
44 Forward
1 - 0% - 60%
2 - 0% - 40%
44 Defense
1 - 0% - 60%
2 - 0% - 40%
Last Minute Offensive  - 0:00
Last Minute Defensive  - 0:00
Total
Forward - 60:00
Defense - 60:00

Play-by-Play

1st period


0:01 of 1st period - Patrice Bergeron wins face-off versus Anze Kopitar in neutral zone.
0:31 of 1st period - Ivan Provorov is hit by Jordan Greenway and loses puck.
1:52 of 1st period - Elias Lindholm is hit by Ryan Murray.
1:58 of 1st period - Wrist shot by Nikita Kucherov.
1:58 of 1st period - Shot Misses the Net.
2:54 of 1st period - Andre Burakovsky is hit by Brandon Carlo and loses puck.
3:01 of 1st period - Mattias Ekholm is hit by Rickard Rakell.
3:17 of 1st period - Marco Scandella is hit by Alexander Edler and loses puck.
3:22 of 1st period - Backhand shot by Nikita Kucherov.
3:22 of 1st period - Stopped by Martin Jones with a rebound.
3:24 of 1st period - Slapshot by Devon Toews.
3:24 of 1st period - Stopped by Martin Jones without a rebound.
3:25 of 1st period - Jack Eichel wins face-off versus Nicklas Backstrom in Sabres zone.
3:52 of 1st period - Ivan Provorov is hit by Alexander Edler.
4:22 of 1st period - Wrist shot by Joonas Donskoi.
4:22 of 1st period - Shot Misses the Net.
5:22 of 1st period - Snap shot by Zach Hyman.
5:22 of 1st period - Shot Misses the Net.
5:38 of 1st period - Snap shot by Patrice Bergeron.
5:38 of 1st period - Deflect By Ivan Provorov.
5:38 of 1st period - Shot Misses the Net.
5:38 of 1st period - Puck is out of play.
5:39 of 1st period - Ryan Carpenter wins face-off versus Jesper Fast in Sabres zone.
5:39 of 1st period - Ryan Carpenter is hit by Brayden McNabb.
5:46 of 1st period - Icing by Tyler Ennis.
5:47 of 1st period - Jack Eichel wins face-off versus Ryan Carpenter in Sabres zone.
5:58 of 1st period - Wrist shot by Jack Eichel.
5:58 of 1st period - Shot Blocked by Madison Bowey.
6:00 of 1st period - Snap shot by Brayden McNabb.
6:00 of 1st period - Stopped by Martin Jones with a rebound.
6:04 of 1st period - Snap shot by Jack Eichel.
6:04 of 1st period - Stopped by Martin Jones with a rebound.
6:14 of 1st period - Snap shot by Anze Kopitar.
6:14 of 1st period - Shot Misses the Net.
6:16 of 1st period - Slapshot by Anze Kopitar.
6:16 of 1st period - Stopped by Anton Khudobin without a rebound.
6:17 of 1st period - Anze Kopitar wins face-off versus Elias Lindholm in Wild zone.
6:20 of 1st period - Slapshot by Anze Kopitar.
6:20 of 1st period - Shot Misses the Net.
6:22 of 1st period - Wrist shot by Filip Hronek.
6:22 of 1st period - Stopped by Anton Khudobin with a rebound.
6:24 of 1st period - Slapshot by Filip Hronek.
6:24 of 1st period - Stopped by Anton Khudobin with a rebound.
6:26 of 1st period - Slapshot by Ivan Provorov.
6:26 of 1st period - Shot Misses the Net.
6:40 of 1st period - Snap shot by Nikita Kucherov.
6:40 of 1st period - Deflect By Elias Lindholm.
6:40 of 1st period - Stopped by Martin Jones with a rebound.
6:46 of 1st period - Mattias Ekholm is hit by Kailer Yamamoto and loses puck.
7:01 of 1st period - Slapshot by Elias Lindholm.
7:01 of 1st period - Stopped by Martin Jones without a rebound.
7:02 of 1st period - Kevin Hayes wins face-off versus Patrice Bergeron in Sabres zone.
7:02 of 1st period - Kevin Hayes is hit by T.J. Oshie.
7:18 of 1st period - Snap shot by Kevin Hayes.
7:18 of 1st period - Shot Blocked by Brayden McNabb.
7:20 of 1st period - Snap shot by Viktor Arvidsson.
7:20 of 1st period - Stopped by Anton Khudobin without a rebound.
7:21 of 1st period - Frank Vatrano wins face-off versus Anze Kopitar in Wild zone.
7:27 of 1st period - Minor Penalty to Pat Maroon for Goalie Interference.
7:28 of 1st period - Chris Tierney wins face-off versus Anze Kopitar in Wild zone.
8:53 of 1st period - Anze Kopitar is hit by Elias Lindholm and loses puck.
9:22 of 1st period - Ryan Suter is hit by Ivan Provorov and loses puck.
9:27 of 1st period - Penalty to Pat Maroon is over, Pat Maroon is back on ice.
9:46 of 1st period - Snap shot by Tyler Ennis.
9:46 of 1st period - Shot Misses the Net.
10:11 of 1st period - Brandon Carlo is hit by Ryan Carpenter and loses puck.
10:44 of 1st period - Filip Hronek is hit by Brayden McNabb and loses puck.
10:52 of 1st period - Icing by Filip Hronek.
10:53 of 1st period - Patrice Bergeron wins face-off versus Kevin Hayes in Sabres zone.
11:22 of 1st period - Snap shot by Frank Vatrano.
11:22 of 1st period - Shot Misses the Net.
11:34 of 1st period - Ryan Suter is hit by Rasmus Dahlin and loses puck.
11:55 of 1st period - Slapshot by Rickard Rakell.
11:55 of 1st period - Stopped by Anton Khudobin with a rebound.
12:17 of 1st period - Snap shot by Zach Hyman.
12:17 of 1st period - Stopped by Anton Khudobin without a rebound.
12:18 of 1st period - Kevin Hayes wins face-off versus Chris Tierney in Wild zone.
12:21 of 1st period - Snap shot by Kevin Hayes.
12:21 of 1st period - Stopped by Anton Khudobin with a rebound.
12:31 of 1st period - Wrist shot by Zach Hyman.
12:31 of 1st period - Shot Misses the Net.
12:43 of 1st period - Patrice Bergeron is hit by Ivan Provorov and loses puck.
13:10 of 1st period - Mattias Ekholm is hit by Ryan Carpenter and loses puck.
14:32 of 1st period - Wrist shot by Jack Eichel.
14:32 of 1st period - Shot Misses the Net.
14:34 of 1st period - Slapshot by Devon Toews.
14:34 of 1st period - Deflect By Brad Marchand.
14:34 of 1st period - Shot Misses the Net.
14:34 of 1st period - Puck is out of play.
14:35 of 1st period - Nicklas Backstrom wins face-off versus Jack Eichel in Sabres zone.
15:00 of 1st period - Ryan Suter is hit by Marco Scandella and loses puck.
15:04 of 1st period - Icing by Ryan Suter.
15:05 of 1st period - Jack Eichel wins face-off versus Anze Kopitar in Wild zone.
15:10 of 1st period - Snap shot by Anze Kopitar.
15:10 of 1st period - Shot Misses the Net.
15:12 of 1st period - Snap shot by Rickard Rakell.
15:12 of 1st period - Shot Misses the Net.
15:14 of 1st period - Slapshot by Ivan Provorov.
15:14 of 1st period - Stopped by Anton Khudobin without a rebound.
15:15 of 1st period - Anze Kopitar wins face-off versus Elias Lindholm in Wild zone.
16:28 of 1st period - Wrist shot by Kevin Hayes.
16:28 of 1st period - Shot Misses the Net.
16:30 of 1st period - Wrist shot by Zach Hyman.
16:30 of 1st period - Shot Misses the Net.
16:32 of 1st period - Backhand shot by Zach Hyman.
16:32 of 1st period - Shot Misses the Net.
16:48 of 1st period - Snap shot by Nikita Kucherov.
16:48 of 1st period - Stopped by Martin Jones with a rebound.
16:50 of 1st period - Wrist shot by Jordan Greenway.
16:50 of 1st period - Stopped by Martin Jones with a rebound.
16:52 of 1st period - Wrist shot by Nikita Kucherov.
16:52 of 1st period - Shot Misses the Net.
16:54 of 1st period - Wrist shot by Jordan Greenway.
16:54 of 1st period - Shot Misses the Net.
16:56 of 1st period - Slapshot by Brayden McNabb.
16:56 of 1st period - Shot Blocked by Anze Kopitar.
17:08 of 1st period - Jesper Fast is hit by Madison Bowey and loses puck.
18:03 of 1st period - Frank Vatrano is hit by Nicklas Backstrom and loses puck.
18:20 of 1st period - Wrist shot by Frank Vatrano.
18:20 of 1st period - Shot Misses the Net.
18:22 of 1st period - Slapshot by Alexander Edler.
18:22 of 1st period - Stopped by Martin Jones without a rebound.
18:23 of 1st period - Anze Kopitar wins face-off versus Elias Lindholm in Sabres zone.
19:17 of 1st period - Snap shot by Joonas Donskoi.
19:17 of 1st period - Stopped by Anton Khudobin with a rebound.
19:34 of 1st period - Ivan Provorov is hit by Jordan Greenway and loses puck.
19:54 of 1st period - T.J. Oshie is hit by Madison Bowey and loses puck.
Goals for this period are 0 for Sabres vs 0 for Wild.
Shots for this period are 9 for Sabres vs 9 for Wild.

2nd period


0:01 of 2nd period - Jack Eichel wins face-off versus Anze Kopitar in neutral zone.
0:14 of 2nd period - Wrist shot by Brad Marchand.
0:14 of 2nd period - Stopped by Martin Jones with a rebound.
0:16 of 2nd period - Slapshot by Alexander Edler.
0:16 of 2nd period - Shot Misses the Net.
0:27 of 2nd period - Minor Penalty to Jordan Greenway for Interference.
0:28 of 2nd period - Anze Kopitar wins face-off versus Chris Tierney in Wild zone.
0:44 of 2nd period - Off-side.
0:45 of 2nd period - Chris Tierney wins face-off versus Anze Kopitar in neutral zone.
1:51 of 2nd period - Snap shot by Chris Tierney.
1:51 of 2nd period - Shot Blocked by Ivan Provorov.
2:27 of 2nd period - Penalty to Jordan Greenway is over, Jordan Greenway is back on ice.
2:51 of 2nd period - Wrist shot by Kevin Hayes.
2:51 of 2nd period - Stopped by Anton Khudobin without a rebound.
2:52 of 2nd period - Patrice Bergeron wins face-off versus Zach Hyman in Wild zone.
3:01 of 2nd period - Snap shot by T.J. Oshie.
3:01 of 2nd period - Stopped by Martin Jones without a rebound.
3:02 of 2nd period - Patrice Bergeron wins face-off versus Anze Kopitar in Sabres zone.
3:09 of 2nd period - Wrist shot by T.J. Oshie.
3:09 of 2nd period - Stopped by Martin Jones with a rebound.
3:16 of 2nd period - Icing by Rasmus Dahlin.
3:17 of 2nd period - Anze Kopitar wins face-off versus Elias Lindholm in Sabres zone.
3:24 of 2nd period - Snap shot by Andre Burakovsky.
3:24 of 2nd period - Stopped by Anton Khudobin without a rebound.
3:25 of 2nd period - Anze Kopitar wins face-off versus Elias Lindholm in Wild zone.
3:36 of 2nd period - Wrist shot by Jordan Greenway.
3:36 of 2nd period - Goal by Jordan Greenway - Sabres : 0 - Wild : 1.
3:37 of 2nd period - Jack Eichel wins face-off versus Nicklas Backstrom in neutral zone.
4:33 of 2nd period - Backhand shot by Jesper Fast.
4:33 of 2nd period - Stopped by Martin Jones with a rebound.
5:32 of 2nd period - Ryan Murray is hit by Mattias Ekholm and loses puck.
6:44 of 2nd period - Snap shot by Jack Eichel.
6:44 of 2nd period - Stopped by Martin Jones with a rebound.
6:46 of 2nd period - Slapshot by Alexander Edler.
6:46 of 2nd period - Stopped by Martin Jones with a rebound.
6:48 of 2nd period - Slapshot by Devon Toews.
6:48 of 2nd period - Stopped by Martin Jones without a rebound.
6:49 of 2nd period - Anze Kopitar wins face-off versus Elias Lindholm in Sabres zone.
6:49 of 2nd period - Anze Kopitar is hit by Elias Lindholm.
7:15 of 2nd period - Ryan Murray is hit by Ryan Suter and loses puck.
7:36 of 2nd period - Snap shot by Filip Hronek.
7:36 of 2nd period - Shot Blocked by Mattias Ekholm.
7:44 of 2nd period - Tyler Ennis is hit by T.J. Oshie and loses puck.
8:07 of 2nd period - Filip Hronek is hit by Jordan Greenway and loses puck.
8:26 of 2nd period - Wrist shot by Nicklas Backstrom.
8:26 of 2nd period - Shot Blocked by Jordan Greenway.
8:42 of 2nd period - Snap shot by Elias Lindholm.
8:42 of 2nd period - Goal by Elias Lindholm - Sabres : 0 - Wild : 2.
8:43 of 2nd period - Anze Kopitar wins face-off versus Jack Eichel in neutral zone.
9:36 of 2nd period - Minor Penalty to Pat Maroon for Cross-checking.
9:37 of 2nd period - Anze Kopitar wins face-off versus Chris Tierney in Wild zone.
10:04 of 2nd period - Alexander Edler is hit by Zach Hyman and loses puck.
10:35 of 2nd period - Wrist shot by Jordan Greenway.
10:35 of 2nd period - Shot Blocked by Madison Bowey.
11:36 of 2nd period - Penalty to Pat Maroon is over, Pat Maroon is back on ice.
11:49 of 2nd period - Icing by Brandon Carlo.
11:50 of 2nd period - Elias Lindholm wins face-off versus Ryan Carpenter in Wild zone.
12:05 of 2nd period - Madison Bowey is hit by Brandon Carlo and loses puck.
12:28 of 2nd period - Backhand shot by Chris Tierney.
12:28 of 2nd period - Stopped by Martin Jones without a rebound.
12:29 of 2nd period - Anze Kopitar wins face-off versus Jack Eichel in Sabres zone.
12:36 of 2nd period - Brad Marchand is hit by Rasmus Dahlin and loses puck.
12:55 of 2nd period - Alexander Edler is hit by Clayton Keller and loses puck.
13:27 of 2nd period - Slapshot by Rasmus Dahlin.
13:27 of 2nd period - Stopped by Anton Khudobin with a rebound.
13:41 of 2nd period - Snap shot by Andre Burakovsky.
13:41 of 2nd period - Stopped by Anton Khudobin with a rebound.
13:43 of 2nd period - Snap shot by Rickard Rakell.
13:43 of 2nd period - Shot Blocked by Pat Maroon.
14:01 of 2nd period - Wrist shot by Brad Marchand.
14:01 of 2nd period - Stopped by Martin Jones without a rebound.
14:02 of 2nd period - Nicklas Backstrom wins face-off versus Jack Eichel in Sabres zone.
14:07 of 2nd period - Snap shot by Kailer Yamamoto.
14:07 of 2nd period - Stopped by Anton Khudobin without a rebound.
14:08 of 2nd period - Brad Marchand wins face-off versus Nicklas Backstrom in Wild zone.
14:23 of 2nd period - Wrist shot by Kailer Yamamoto.
14:23 of 2nd period - Stopped by Anton Khudobin with a rebound.
14:57 of 2nd period - Snap shot by Chris Tierney.
14:57 of 2nd period - Shot Blocked by Ivan Provorov.
14:59 of 2nd period - Wrist shot by Chris Tierney.
14:59 of 2nd period - Shot Misses the Net.
15:01 of 2nd period - Backhand shot by Frank Vatrano.
15:01 of 2nd period - Goal by Frank Vatrano - Sabres : 0 - Wild : 3.
15:02 of 2nd period - Jack Eichel wins face-off versus Kevin Hayes in neutral zone.
15:29 of 2nd period - Ryan Suter is hit by Rickard Rakell and loses puck.
15:51 of 2nd period - Off-side.
15:52 of 2nd period - Nicklas Backstrom wins face-off versus Chris Tierney in neutral zone.
15:57 of 2nd period - Slapshot by Nicklas Backstrom.
15:57 of 2nd period - Shot Misses the Net.
16:17 of 2nd period - Filip Hronek is hit by Brad Marchand and loses puck.
16:43 of 2nd period - Slapshot by T.J. Oshie.
16:43 of 2nd period - Shot Blocked by Ryan Murray.
17:44 of 2nd period - Ivan Provorov is hit by Brad Marchand.
17:48 of 2nd period - Brad Marchand is hit by Anze Kopitar and loses puck.
18:11 of 2nd period - Snap shot by Viktor Arvidsson.
18:11 of 2nd period - Goal by Viktor Arvidsson - Sabres : 1 - Wild : 3.
18:12 of 2nd period - Elias Lindholm wins face-off versus Nicklas Backstrom in neutral zone.
18:25 of 2nd period - Slapshot by Nikita Kucherov.
18:25 of 2nd period - Shot Blocked by Clayton Keller.
18:27 of 2nd period - Snap shot by Nikita Kucherov.
18:27 of 2nd period - Goal by Nikita Kucherov - Sabres : 1 - Wild : 4.
18:28 of 2nd period - Anze Kopitar wins face-off versus Jesper Fast in neutral zone.
18:40 of 2nd period - Snap shot by Rickard Rakell.
18:40 of 2nd period - Stopped by Anton Khudobin with a rebound.
18:57 of 2nd period - Minor Penalty to Brayden McNabb for Hooking.
18:58 of 2nd period - Anze Kopitar wins face-off versus Chris Tierney in Wild zone.
18:58 of 2nd period - Backhand shot by Kailer Yamamoto.
18:58 of 2nd period - Shot Misses the Net.
19:00 of 2nd period - Snap shot by Anze Kopitar.
19:00 of 2nd period - Shot Misses the Net.
19:02 of 2nd period - Wrist shot by Kailer Yamamoto.
19:02 of 2nd period - Goal by Kailer Yamamoto - Sabres : 2 - Wild : 4.
19:03 of 2nd period - Kevin Hayes wins face-off versus Jack Eichel in neutral zone.
19:28 of 2nd period - Nicklas Backstrom is hit by Nikita Kucherov.
19:32 of 2nd period - Slapshot by Rasmus Dahlin.
19:32 of 2nd period - Shot Misses the Net.
19:49 of 2nd period - Off-side.
19:50 of 2nd period - Anze Kopitar wins face-off versus Patrice Bergeron in neutral zone.
Goals for this period are 2 for Sabres vs 4 for Wild.
Shots for this period are 9 for Sabres vs 13 for Wild.

3rd period


0:01 of 3rd period - Viktor Arvidsson wins face-off versus Jack Eichel in neutral zone.
0:07 of 3rd period - Filip Hronek is hit by Brandon Carlo and loses puck.
0:16 of 3rd period - Snap shot by Brad Marchand.
0:16 of 3rd period - Stopped by Martin Jones without a rebound.
0:17 of 3rd period - Anze Kopitar wins face-off versus Elias Lindholm in Sabres zone.
1:22 of 3rd period - Wrist shot by Elias Lindholm.
1:22 of 3rd period - Shot Blocked by Clayton Keller.
1:24 of 3rd period - Snap shot by Elias Lindholm.
1:24 of 3rd period - Goal by Elias Lindholm - Sabres : 2 - Wild : 5.
1:24 of 3rd period - Elvis Merzlikins enters game.
1:25 of 3rd period - Anze Kopitar wins face-off versus Patrice Bergeron in neutral zone.
1:30 of 3rd period - Slapshot by T.J. Oshie.
1:30 of 3rd period - Stopped by Elvis Merzlikins without a rebound.
1:31 of 3rd period - Patrice Bergeron wins face-off versus Anze Kopitar in Sabres zone.
1:32 of 3rd period - Wrist shot by T.J. Oshie.
1:32 of 3rd period - Stopped by Elvis Merzlikins without a rebound.
1:33 of 3rd period - Anze Kopitar wins face-off versus Patrice Bergeron in Sabres zone.
2:32 of 3rd period - Slapshot by Ryan Suter.
2:32 of 3rd period - Shot Misses the Net.
3:37 of 3rd period - Snap shot by Nikita Kucherov.
3:37 of 3rd period - Shot Blocked by Madison Bowey.
3:53 of 3rd period - Snap shot by Tyler Ennis.
3:53 of 3rd period - Shot Misses the Net.
4:24 of 3rd period - Wrist shot by Viktor Arvidsson.
4:24 of 3rd period - Stopped by Anton Khudobin with a rebound.
4:26 of 3rd period - Wrist shot by Anze Kopitar.
4:26 of 3rd period - Shot Misses the Net.
4:28 of 3rd period - Slapshot by Rickard Rakell.
4:28 of 3rd period - Stopped by Anton Khudobin without a rebound.
4:29 of 3rd period - Anze Kopitar wins face-off versus Jack Eichel in Wild zone.
4:32 of 3rd period - Snap shot by Andre Burakovsky.
4:32 of 3rd period - Stopped by Anton Khudobin with a rebound.
4:56 of 3rd period - Jordan Greenway is hit by Kevin Hayes and loses puck.
5:03 of 3rd period - Slapshot by Alexander Edler.
5:03 of 3rd period - Deflect By Nikita Kucherov.
5:03 of 3rd period - Shot Misses the Net.
5:03 of 3rd period - Puck is out of play.
5:04 of 3rd period - Patrice Bergeron wins face-off versus Nicklas Backstrom in Sabres zone.
5:14 of 3rd period - Nicklas Backstrom is hit by Mattias Ekholm.
5:16 of 3rd period - Snap shot by Clayton Keller.
5:16 of 3rd period - Deflect By Nicklas Backstrom.
5:16 of 3rd period - Shot Misses the Net.
5:16 of 3rd period - Puck is out of play.
5:17 of 3rd period - Jack Eichel wins face-off versus Zach Hyman in Wild zone.
5:25 of 3rd period - Slapshot by Viktor Arvidsson.
5:25 of 3rd period - Stopped by Anton Khudobin without a rebound.
5:26 of 3rd period - Kevin Hayes wins face-off versus Jack Eichel in Wild zone.
5:29 of 3rd period - Snap shot by Zach Hyman.
5:29 of 3rd period - Deflect By Kevin Hayes.
5:29 of 3rd period - Shot Misses the Net.
5:29 of 3rd period - Puck is out of play.
5:30 of 3rd period - Anze Kopitar wins face-off versus Brad Marchand in Wild zone.
5:31 of 3rd period - Snap shot by Rickard Rakell.
5:31 of 3rd period - Stopped by Anton Khudobin with a rebound.
6:11 of 3rd period - Minor Penalty to Alexander Edler for Hooking.
6:12 of 3rd period - Chris Tierney wins face-off versus Anze Kopitar in Wild zone.
6:54 of 3rd period - Minor Penalty to Jordan Greenway for High sticking.
6:55 of 3rd period - Chris Tierney wins face-off versus Anze Kopitar in Wild zone.
8:11 of 3rd period - Penalty to Alexander Edler is over, Alexander Edler is back on ice.
8:54 of 3rd period - Penalty to Jordan Greenway is over, Jordan Greenway is back on ice.
9:04 of 3rd period - Nikita Kucherov is hit by Ryan Carpenter and loses puck.
9:25 of 3rd period - Wrist shot by Brad Marchand.
9:25 of 3rd period - Stopped by Elvis Merzlikins without a rebound.
9:26 of 3rd period - Kevin Hayes wins face-off versus Jack Eichel in Sabres zone.
9:28 of 3rd period - Minor Penalty to Madison Bowey for High sticking.
9:29 of 3rd period - Patrice Bergeron wins face-off versus Ryan Carpenter in Sabres zone.
9:35 of 3rd period - Snap shot by Patrice Bergeron.
9:35 of 3rd period - Stopped by Elvis Merzlikins with a rebound.
9:37 of 3rd period - Slapshot by Ryan Suter.
9:37 of 3rd period - Shot Misses the Net.
9:41 of 3rd period - Wrist shot by Nikita Kucherov.
9:41 of 3rd period - Goal by Nikita Kucherov - Sabres : 2 - Wild : 6.
9:42 of 3rd period - Patrice Bergeron wins face-off versus Anze Kopitar in neutral zone.
10:09 of 3rd period - Clayton Keller is hit by Adrian Kempe and loses puck.
10:59 of 3rd period - Pat Maroon is hit by Andre Burakovsky and loses puck.
11:06 of 3rd period - Snap shot by Frank Vatrano.
11:06 of 3rd period - Stopped by Elvis Merzlikins without a rebound.
11:07 of 3rd period - Nicklas Backstrom wins face-off versus Elias Lindholm in Sabres zone.
11:09 of 3rd period - Minor Penalty to Filip Hronek for Hooking.
11:10 of 3rd period - Jack Eichel wins face-off versus Ryan Carpenter in Sabres zone.
11:16 of 3rd period - Wrist shot by Brad Marchand.
11:16 of 3rd period - Shot Blocked by Ryan Carpenter.
11:26 of 3rd period - Alexander Edler is hit by Ryan Carpenter.
11:36 of 3rd period - Marco Scandella is hit by Alexander Edler and loses puck.
11:49 of 3rd period - Andre Burakovsky is hit by Nikita Kucherov and loses puck.
12:30 of 3rd period - Zach Hyman is hit by Nikita Kucherov and loses puck.
13:09 of 3rd period - Penalty to Filip Hronek is over, Filip Hronek is back on ice.
13:43 of 3rd period - T.J. Oshie is hit by Kevin Hayes and loses puck.
14:50 of 3rd period - Snap shot by Tyler Ennis.
14:50 of 3rd period - Stopped by Anton Khudobin with a rebound.
15:08 of 3rd period - Rickard Rakell is hit by Pat Maroon and loses puck.
15:41 of 3rd period - Zach Hyman is hit by Jordan Greenway.
15:57 of 3rd period - Ryan Suter is hit by Rasmus Dahlin and loses puck.
16:33 of 3rd period - Slapshot by Jack Eichel.
16:33 of 3rd period - Shot Misses the Net.
16:49 of 3rd period - Off-side.
16:50 of 3rd period - Kevin Hayes wins face-off versus Patrice Bergeron in neutral zone.
16:53 of 3rd period - Patrice Bergeron is hit by Viktor Arvidsson and loses puck.
17:00 of 3rd period - Snap shot by Kevin Hayes.
17:00 of 3rd period - Shot Misses the Net.
17:02 of 3rd period - Slapshot by Viktor Arvidsson.
17:02 of 3rd period - Goal by Viktor Arvidsson - Sabres : 3 - Wild : 6.
17:03 of 3rd period - Anze Kopitar wins face-off versus Elias Lindholm in neutral zone.
17:12 of 3rd period - Slapshot by Rickard Rakell.
17:12 of 3rd period - Deflect By Andre Burakovsky.
17:12 of 3rd period - Shot Misses the Net.
17:12 of 3rd period - Puck is out of play.
17:13 of 3rd period - Rickard Rakell wins face-off versus Jordan Greenway in Wild zone.
17:28 of 3rd period - Snap shot by Andre Burakovsky.
17:28 of 3rd period - Shot Blocked by Devon Toews.
17:44 of 3rd period - Icing by Ryan Murray.
17:45 of 3rd period - Jack Eichel wins face-off versus Anze Kopitar in Sabres zone.
17:46 of 3rd period - Snap shot by Brad Marchand.
17:46 of 3rd period - Shot Blocked by Ryan Murray.
17:48 of 3rd period - Wrist shot by Adrian Kempe.
17:48 of 3rd period - Goal by Adrian Kempe - Sabres : 3 - Wild : 7.
17:49 of 3rd period - Nicklas Backstrom wins face-off versus Jack Eichel in neutral zone.
17:52 of 3rd period - Slapshot by Filip Hronek.
17:52 of 3rd period - Stopped by Anton Khudobin with a rebound.
18:16 of 3rd period - Rickard Rakell is hit by Jesper Fast and loses puck.
18:25 of 3rd period - Slapshot by T.J. Oshie.
18:25 of 3rd period - Stopped by Elvis Merzlikins without a rebound.
18:26 of 3rd period - Elias Lindholm wins face-off versus Kevin Hayes in Sabres zone.
18:39 of 3rd period - Wrist shot by Kevin Hayes.
18:39 of 3rd period - Stopped by Anton Khudobin with a rebound.
18:53 of 3rd period - Jack Eichel is hit by Kailer Yamamoto and loses puck.
19:48 of 3rd period - Minor Penalty to Pat Maroon for Hooking.
19:49 of 3rd period - Anze Kopitar wins face-off versus Chris Tierney in Wild zone.
Goals for this period are 1 for Sabres vs 3 for Wild.
Shots for this period are 9 for Sabres vs 10 for Wild. Output by the SimonT Hockey Simulator (STHS) for Eric Tremblay - Original Page W3C HTML5 Valid
Hockey Simulator - Hockey Simulation - Hockey Manager